 Dungeon Crawl Stone Soup version 0.28-a0-653-g7e9dba17c3 (webtiles) character file.

Game seed: 11022503507165308595

60 meatgazer the Skirmisher (level 3, 0/29 HPs)
             Began as a Demonspawn Abyssal Knight on Oct 11, 2021.
             Was a Believer of Lugonu.
             Slain by a goblin (24 damage)
             ... on level 2 of the Dungeon.
             The game lasted 00:03:17 (1741 turns).

meatgazer the Skirmisher (DsAK)                     Turns: 1741, Time: 00:03:17

Health: 0/29       AC:  5    Str: 13    XL:     3   Next: 80%
Magic:  5/5        EV: 11    Int: 12    God:    Lugonu [**....]
Gold:   44         SH:  0    Dex: 13    Spells: 3/3 levels left

rFire   . . .      SeeInvis .   a - +1 spear
rCold   . . .      Faith    .   (no shield)
rNeg    . . .      Spirit   .   b - +0 leather armour
rPois   .          Reflect  .   (no helmet)
rElec   .          Harm     .   (no cloak)
rCorr   .          Rampage  .   g - +1 pair of gloves
Will    .....                   (no boots)
Stlth   +.........              (no amulet)
HPRegen 0.09/turn               (no ring)
MPRegen 0.09/turn               (no ring)

@: no status effects
A: demonic magic 1
a: Renounce Religion, Depart the Abyss, Bend Space


You were on level 2 of the Dungeon.
You worshipped Lugonu.
Lugonu was pleased with you.
You visited 1 branch of the dungeon, and saw 2 of its levels.
You visited the Abyss 1 time.

You collected 44 gold pieces.

Inventory:

Hand Weapons
 a - a +1 spear (weapon)
Armour
 b - a +0 leather armour (worn)
 g - a +1 pair of gloves (worn)
Magical Staves
 f - a staff of fire
Wands
 c - a wand of iceblast (9)
Potions
 e - 2 potions of attraction {unknown}
 h - a potion of haste {unknown}
 i - a potion of mutation {unknown}
 l - 2 potions of curing {unknown}


   Skills:
 + Level 3.6 Fighting
 + Level 2.5 Polearms
 - Level 1.7 Armour
 - Level 0.8 Dodging
 + Level 0.9 Spellcasting
 + Level 3.4 Invocations


You had 3 spell levels left.
You didn't know any spells.
Your spell library contained the following spells:

 Spells                   Type           Power      Damage    Failure   Level
 Static Discharge         Conj/Air       0%         N/A       52%         2
 Dispel Undead            Necr           0%         3d6       98%         4
 Sticky Flame             Conj/Fire      0%         2d3       98%         4
 Lightning Bolt           Conj/Air       0%         1d11      100%        5
 Maxwell's Capacitive Co  Air            0%         ∞         100%        8


Dungeon Overview and Level Annotations

Branches:
Dungeon (2/15)

Altars:

Shops:
D:2 [


Innate Abilities, Weirdness & Mutations

Spells you cast may paralyse adjacent enemies.


Message History

The bat hits you but does no damage. The bat barely misses you. x2
You closely miss the bat.
The bat is severely wounded.
The bat hits you but does no damage. The bat misses you.
You hit the bat but do no damage.
The bat is severely wounded.
The bat barely misses you.
You hit the bat.
You kill the bat!
Lugonu accepts your kill.
The giant cockroach bites you but does no damage.
You hit the giant cockroach but do no damage.
The giant cockroach bites you but does no damage.
You hit the giant cockroach.
The giant cockroach is severely wounded.
The giant cockroach bites you but does no damage.
You hit the giant cockroach.
You kill the giant cockroach!
Lugonu accepts your kill.
The goblin unwields a +2 dagger of distortion.
Its appearance distorts for a moment.
The goblin wields a +0 hunting sling.
The goblin shoots a stone.
The stone barely misses you.
The goblin unwields a +0 hunting sling.
The goblin wields a +2 dagger of distortion.
Its appearance distorts for a moment.
The goblin barely misses you.
Things that are here:
a bubbling coppery potion; a giant cockroach corpse; a bat corpse You hit the goblin.
The goblin is moderately wounded.
The goblin hits you with a +2 dagger of distortion.
Space bends around you.
* * * LOW HITPOINT WARNING * * *
You feel much better. The goblin hits you but does no damage.
Space bends around you.
You miss the goblin.
The goblin is moderately wounded.
The goblin hits you with a +2 dagger of distortion.
Space warps horribly around you!!
Ouch! That really hurt!
You die...

# #...# #.#.## ### #.#.#
#....### ..# #.#.######
#......# ..#
#.<......#####..<#.#
..###.#.............##.#
..'.#.######.######.##.#
..'..#.# ##.# #.##.#
(.###.#####...#####†##.#
..# #.# [.....Sg@..†##.#
..# #.# ##.>...####.##.#
### #.# #.....B #.##.#
#.# ....... ... #..
....... #.## #.. .......
..# .##...# ### ##.#


You could see a goblin and a ball python.

Vanquished Creatures
  An adder (D:2)
  A worm (D:2)
  A dart slug (D:1)
  2 ball pythons (D:1)
  4 bats
  An endoplasm (D:1)
  2 giant cockroaches
  4 goblins
  6 hobgoblins
  7 quokkas
  3 frilled lizards
  4 kobolds (D:1)
  5 rats
41 creatures vanquished.

Vanquished Creatures (others)
  A fungus (D:1)
1 creature vanquished.

Grand Total: 42 creatures vanquished

Notes
Turn   | Place    | Note
-------+----------+-------------------------------------------
     0 | Abyss:1  | meatgazer the Demonspawn Abyssal Knight began the quest for
                  | the Orb.
     0 | Abyss:1  | Reached XP level 1. HP: 18/18 MP: 2/2
    79 | Abyss:2  | Noticed a chaos spawn
    87 | D:1      | Escaped the Abyss
   527 | D:1      | Gained mutation: Spells you cast may paralyse adjacent
                  | enemies. [demonic ancestry]
   527 | D:1      | Reached XP level 2. HP: 19/24 MP: 4/4
   531 | D:1      | Reached * piety under Lugonu
  1093 | D:1      | Reached XP level 3. HP: 29/29 MP: 5/5
  1232 | D:1      | Found a faded altar of an unknown god.
  1605 | D:2      | Reached ** piety under Lugonu
  1724 | D:2      | Found Ceuvai's Armour Boutique.
  1741 | D:2      | Slain by a goblin

Illustrated notes

Levels and vault maps discovered:
D:1:      lightli_iron_boxes, layout_rooms, shapermc_ecumenical_altar_petra,
          minmay_misc_feat_columns
D:2:      layout_loops_ring, serial_shops, shop, chequers_serial_rivers_micro_a,
          kennysheep_generic_room_6

Skill      XL: |  1  2 |
---------------+-------+-----
Polearms       | 2 |  2.5
Invocations    | 3 |  3.4
Fighting       | |  3.6
Armour         | |  1.7
Dodging        | |  0.8
Spellcasting   | |  0.9

Action                   || total
-------------------------++-------
Melee: Spear             ||   183
Invok: Depart the Abyss  ||     1
  Use: Scroll            ||     4
       Potion            ||     1
 Stab: Sleeping          ||     1
Armor: Leather armour    ||    48
Dodge: Dodged            ||    98

Table legend: (Time is in decaauts)
 A = Elapsed time spent in this place.
 B = Non-inter-level travel time spent in this place.
 C = Inter-level travel time spent in this place.
 D = Time resting spent in this place.
 E = Time spent auto-exploring this place.
 F = Levels seen in this place.
 G = Mean time per level.
                   A        B        C        D        E       F      G
               +--------+--------+--------+--------+--------+-----+--------+
         Total |   1738 |   1701 |     37 |    511 |    825 |   4 |  434.5 |
       Dungeon |   1652 |   1615 |     37 |    511 |    811 |   2 |  826.0 |
         Abyss |     86 |     86 |      0 |      0 |     14 |   2 |   43.0 |
               +--------+--------+--------+--------+--------+-----+--------+

Top non-repeatable levels by time:
     D:1: 1186 daAuts
     D:2: 465 daAuts
 Abyss:2: 78 daAuts
 Abyss:1: 8 daAuts
